 Dungeon Crawl Stone Soup version 0.31-a0-632-g766dd24fdf (webtiles) character file.

Game seed: 15350027038629557430

47 thirtiethelement the Shooter (level 3, -2/27 HPs)
             Began as a Demonspawn Hunter on Aug 26, 2023.
             Slain by a cerulean imp
             ... wielding a +1 spear
             ... summoned by Natasha
              (4 damage)
             ... on level 2 of the Dungeon.
             The game lasted 00:02:12 (1153 turns).

thirtiethelement the Shooter (Demonspawn Hunter)    Turns: 1153, Time: 00:02:12

Health: -2/27      AC:  4    Str: 11    XL:     3   Next: 48%
Magic:  3/3        EV: 12    Int: 10    God:
Gold:   36         SH:  0    Dex: 18    Spells: 2/2 levels left

rFire   . . .        a - +0 shortbow
rCold   . . .        (shield currently unavailable)
rNeg    . . .        c - +0 leather armour
rPois   .            f - +0 helmet
rElec   .            (no cloak)
rCorr   .            (no gloves)
SInv    .            (no boots)
Will    .....        (no amulet)
Stlth   ++           (no ring)
HPRegen 0.24/turn    (no ring)
MPRegen 0.08/turn

%: no passive effects
@: slowed, very slow
A: spiny 1, weakness stinger 1
a: no special abilities


You were on level 2 of the Dungeon.
You visited 1 branch of the dungeon, and saw 2 of its levels.

You collected 36 gold pieces.

Inventory:

Hand Weapons
 a - a +0 shortbow (weapon)
Armour
 c - a +0 leather armour (worn)
 f - a +0 helmet (worn)
Scrolls
 b - a scroll of butterflies
 g - a scroll of identify {unknown}
 h - a scroll of fog {unknown}
Potions
 d - 2 potions of berserk rage {unknown}
 e - a potion of enlightenment {unknown}
 i - a potion of lignification {unknown}


   Skills:
 + Level 2.0 Fighting
 + Level 4.7 Ranged Weapons
 + Level 1.8 Dodging
 + Level 1.0 Stealth


You had 2 spell levels left.
You didn't know any spells.
Your spell library was empty.

Dungeon Overview and Level Annotations

Branches:
Dungeon (2/15)

Altars:
Sif Muna

Annotations:
D:2 Natasha


Innate Abilities, Weirdness & Mutations

You are partially covered in sharp spines.
You have a small tail.


Message History

The cerulean imp hits you but does no damage.
The cerulean imp attacks as it pursues you!
The cerulean imp hits you but does no damage.
The cerulean imp hits you from afar with a +0 spear.
The cerulean imp attacks as it pursues you!
The cerulean imp hits you but does no damage.
The cerulean imp hits you from afar with a +0 spear.
The cerulean imp disappears in a puff of smoke!
Natasha stares at you and mumbles some strange words.
You feel as though you will be slow longer.
You shoot an arrow. The arrow barely misses Natasha.
The arrow hits the cerulean imp.
The cerulean imp is moderately wounded.
The cerulean imp closely misses you.
The cerulean imp hits you from afar with a +0 spear.
Natasha casts a spell at you. You resist with significant effort.
The cerulean imp barely misses you.
You shoot an arrow. The arrow barely misses Natasha.
The arrow barely misses the cerulean imp.
The cerulean imp disappears in a puff of smoke!
Natasha mumbles some strange words.
The cerulean imp barely misses you. Natasha claws you but does no damage.
The cerulean imp barely misses you.
You shoot an arrow.
The arrow hits Natasha but does no damage.
Natasha is severely wounded.
The cerulean imp disappears in a puff of smoke!
Natasha claws you. The cerulean imp closely misses you.
You shoot an arrow. The arrow closely misses Natasha.
Natasha claws you.
The cerulean imp hits you from afar with a +1 spear.
* * * LOW HITPOINT WARNING * * *
Natasha casts a spell at you. The magic dart hits you.
* * * LOW HITPOINT WARNING * * *
The cerulean imp closely misses you.
You shoot an arrow. The arrow hits Natasha.
Natasha is almost dead.
Natasha is struck by your spines. Natasha misses you.
The cerulean imp hits you from afar with a +1 spear.
You die...

############
####...†......#
#.......#####.# #####
#.#####.# #g#####
######...###.#####)#
#.g...#
...............h@..#
#####g#
..####...###...§.#.# #.#
##### #..5..#<# #g#
#.......# #.#
#.....###########.####
##..#####.<)g.gg.....).
#.........########S####
###.################(.S..
#...................#####


You could see Natasha and a cerulean imp (summoned).

Vanquished Creatures
  Robin (D:2)
  A worm (D:2)
  A dart slug (D:2)
  4 goblins (D:2)
  7 hobgoblins
  4 kobolds
  6 ball pythons
  3 bats
  7 rats
34 creatures vanquished.

Notes
Turn   | Place    | Note
-------+----------+-------------------------------------------
     0 | D:1      | thirtiethelement the Demonspawn Hunter began the quest for
                  | the Orb.
     0 | D:1      | Reached XP level 1. HP: 16/16 MP: 1/1
   251 | D:1      | Found a faded altar of an unknown god.
   259 | D:1      | Reached skill level 4 in Ranged Weapons
   259 | D:1      | Gained mutation: You have a small tail. [demonic ancestry]
   259 | D:1      | Reached XP level 2. HP: 22/22 MP: 2/2
   831 | D:2      | Reached skill level 1 in Stealth
   923 | D:2      | Noticed Robin
  1054 | D:2      | Killed Robin
  1055 | D:2      | Gained mutation: You are partially covered in sharp spines.
                  | [demonic ancestry]
  1055 | D:2      | Reached XP level 3. HP: 27/27 MP: 3/3
  1106 | D:2      | Found a shimmering blue altar of Sif Muna.
  1134 | D:2      | Noticed Natasha
  1152 | D:2      | HP: 1/27 [Natasha/magic dart (6)]
  1153 | D:2      | Slain by a cerulean imp

Illustrated notes

Levels and vault maps discovered:
D:1:      dpeg_arrival_court, layout_loops_ring,
          shapermc_ecumenical_altar_totnotflames
D:2:      layout_loops_ring, basic_altar, serial_shops, shop,
          serial_bayou_ford_a, uniq_robin, uniq_natasha

Skill      XL: |  1  2 |
---------------+-------+-----
Ranged Weapons | 4 |  4.7
Stealth        | 1 |  1.0
Fighting       | |  2.0
Dodging        | |  1.8

Action                     || total
---------------------------++-------
   Fire: Shortbow          ||   110
 Armour: Leather armour    ||    17
  Dodge: Dodged            ||    43

Table legend: (Time is in decaauts)
 A = Elapsed time spent in this place.
 B = Non-inter-level travel time spent in this place.
 C = Inter-level travel time spent in this place.
 D = Time resting spent in this place.
 E = Time spent auto-exploring this place.
 F = Levels seen in this place.
 G = Mean time per level.
                   A        B        C        D        E       F      G
               +--------+--------+--------+--------+--------+-----+--------+
         Total |   1191 |   1070 |    121 |     14 |    786 |   2 |  595.5 |
       Dungeon |   1191 |   1070 |    121 |     14 |    786 |   2 |  595.5 |
               +--------+--------+--------+--------+--------+-----+--------+

Top non-repeatable levels by time:
     D:1: 908 daAuts
     D:2: 283 daAuts
